 Dungeon Crawl Stone Soup version 0.31-a0-1300-gb6740aa4e6 (webtiles) character file.

Game seed: 7623397173635918116

11337 grandjackal the Fighter (level 11, -12/93 (101) HPs)
             Began as a Black Draconian Gladiator on Dec 18, 2023.
             Was a High Priest of Okawaru.
             Mangled by a +0 demon blade of pain (23 damage)
             ... on level 12 of the Dungeon.
             The game lasted 00:18:18 (10551 turns).

grandjackal the Fighter (DrGl)                     Turns: 10551, Time: 00:18:19

HP:   -12/93 (101)  AC: 12    Str: 18    XL:     11   Next: 48%
MP:   18/18         EV: 17    Int: 14    God:    Okawaru [*****.]
Gold: 62            SH:  0    Dex: 18    Spells: 10/10 levels left

rFire   . . .        N - +4 scimitar (flame)
rCold   . . .        (no shield)
rNeg    . . .        (body armour unavailable)
rPois   +            H - +2 hat
rElec   +            n - +2 cloak
rCorr   .            (no gloves)
SInv    +            (no boots)
Will    ++...        r - amulet of regeneration
Stlth   ++           O - ring "Kuwam" {rPois Will++ Str+2 Int+6}
HPRegen 1.15/turn    D - ring of see invisible
MPRegen 0.16/turn

%: no passive effects
@: mighty, studying Short Blades, drained
A: breathe lightning, AC +7, unfitting armour, electricity resistance,
cold-blooded
a: Breathe Lightning, Renounce Religion, Heroism, Finesse, Duel


You were on level 12 of the Dungeon.
You worshipped Okawaru.
Okawaru was extremely pleased with you.
You visited 2 branches of the dungeon, and saw 13 of its levels.

You collected 716 gold pieces.
You spent 654 gold pieces at shops.

Inventory:

Hand Weapons
 a - a +0 long sword
 l - a +3 long sword of pain
 A - a +0 dagger of venom
 N - a +4 scimitar of flaming (weapon)
Missiles
 b - a silver javelin
 c - a throwing net (quivered)
 d - a javelin
 h - 5 curare-tipped darts
Armour
 n - a +2 cloak (worn)
 H - a +2 hat (worn)
 P - a +0 kite shield
Jewellery
 r - an amulet of regeneration (around neck)
 B - a ring of resist corrosion
 D - a ring of see invisible (right hand)
 I - a ring of ice
 M - a ring of protection from fire
 O - the ring "Kuwam" (left hand) {rPois Will++ Str+2 Int+6}
   (You bought it in a shop on level 1 of the Dungeon)

   [ring of intelligence]

   Str+2:     It affects your strength (+2).
   Int+6:     It affects your intelligence (+6).
   rPois:     It protects you from poison Will++: It greatly increases your
   willpower.
Wands
 e - a wand of acid (17)
 K - a wand of digging (9)
Scrolls
 f - 2 scrolls of poison
 g - 2 scrolls of blinking
 k - 4 scrolls of enchant weapon
 m - 2 scrolls of enchant armour
 t - 2 scrolls of revelation
 w - a scroll of teleportation
 y - a scroll of brand weapon {unknown}
 z - 2 scrolls of noise
 C - a scroll of amnesia {unknown}
 E - 2 scrolls of vulnerability
 F - a scroll of immolation {unknown}
 J - a scroll of silence {unknown}
Potions
 i - 2 potions of cancellation
 j - 4 potions of mutation
 o - a potion of might
 p - 3 potions of heal wounds
 q - 2 potions of magic
 s - 3 potions of haste
 u - 2 potions of lignification
 v - 2 potions of enlightenment
 x - a potion of ambrosia
 G - 5 potions of curing
 L - a potion of brilliance {unknown}


   Skills:
 + Level 10.6 Fighting
 + Level 9.9 Long Blades
 - Level 2.0 Throwing
 + Level 9.1 Dodging
 + Level 9.3 Invocations


You had 10 spell levels left.
You didn't know any spells.
Your spell library contained the following spells:

 Spells                   Type           Power      Damage    Failure   Level
 Freeze                   Ice            0%         1d3       28%         1
 Sublimation of Blood     Necr           0%         N/A       41%         2
 Wereblood                Tmut           0%         N/A       41%         2
 Dazzling Flash           Conj/Hex       0%         N/A       65%         3
 Frozen Ramparts          Ice            0%         1d1       65%         3
 Hailstorm                Conj/Ice       0%         3d5       65%         3
 Ozocubu's Armour         Ice            0%         N/A       65%         3
 Brom's Barrelling Bould  Conj/Erth      0%         2d3       96%         4
 Dimensional Bullseye     Hex/Tloc       0%         N/A       96%         4
 Iskenderun's Mystic Bla  Conj/Tloc      0%         2d3       96%         4
 Leda's Liquefaction      Tmut/Erth      0%         N/A       96%         4
 Petrify                  Tmut/Erth      0%         N/A       96%         4
 Agony                    Necr           0%         N/A       100%        5
 Fireball                 Conj/Fire      0%         3d3       100%        5
 Iskenderun's Battlesphe  Conj           0%         2d6       100%        5
 Metabolic Englaciation   Hex/Ice        0%         N/A       100%        5
 Silence                  Hex/Air        0%         N/A       100%        5
 Conjure Ball Lightning   Conj/Air       0%         3x3d6     100%        6
 Orb of Destruction       Conj           0%         9d5       100%        7
 Ozocubu's Refrigeration  Ice            0%         4d7       100%        7
 Tukima's Dance           Hex            Unusable   N/A       N/A         3
 Summon Hydra             Summ           Unusable   N/A       N/A         7

Dungeon Overview and Level Annotations

Branches:
Dungeon (12/15)            Temple (1/1) D:5            Lair (0/5) D:10
    Orc (0/2) D:10

Altars:
Ashenzari
Cheibriados
Dithmenos
Elyvilon
Fedhas
Gozag
Hepliaklqana
Kikubaaqudgha
Makhleb
Nemelex Xobeh
Okawaru
Qazlal
Ru
Sif Muna
Trog
Uskayaw
Vehumet
Wu Jian
Xom
Yredelemnul
Zin
The Shining One

Shops:
D:1 =   D:3 =   D:10 =

Annotations:
D:2 Natasha
D:5 exclusion: 2 doors
D:11 3 runed translucent doors, Quroapsa's ghost, novice MfGl


Innate Abilities, Weirdness & Mutations

You can breathe wild blasts of lightning.
Your glossy black scales are hard. (AC +7)
You cannot fit into any form of body armour.
You are resistant to electric shocks. (rElec)
You are cold-blooded and may be slowed by cold attacks.


Message History

You slice the cyclops!! You burn the cyclops!
You kill the cyclops!
Okawaru accepts your kill.
No target in view!
HP restored.
Magic restored.
Found 6 stones.
z - 2 scrolls of noise
Found a kite shield.
Found a stone staircase leading up.
m - 2 scrolls of enchant armour (gained 1)
You open the door.
There is an open door here.
Found a runed translucent door.
Found a serpent talisman.
Found a hide-covered altar of Uskayaw.
You see here a +0 kite shield.
P - a +0 kite shield
Press: ? - help, v - describe, . - travel
Here: a +0 demon blade of pain (fire blocked by a runed translucent door)
The floor.
Unknown command.
Okay, then.
As you read the scroll labelled IPEKKE HANIOMM, it crumbles to dust.
You feel aware of your surroundings.
You sensed 1 shop/portal.
It was a scroll of revelation.
You feel very mighty all of a sudden. As you open the door, it creaks loudly!
The +1 demon trident of draining hits you from afar!
You feel drained. The +0 demon blade of pain hits you!!
The +1 demon trident of draining hits you from afar!!
You feel drained.
The +0 demon blade of pain attacks as it pursues you!
The +0 demon blade of pain hits you!!
* * * LOW HITPOINT WARNING * * *
The +1 demon trident of draining attacks as it pursues you!
The +1 demon trident of draining hits you but does no damage.
You feel drained.
The +0 demon blade of pain attacks as it pursues you!
The +0 demon blade of pain hits you!!
You die...

#....#,*#####.......####,,,,,,
#....#.....##.......#...,,,**,
####....#.....+#..._...#...,,,,,,
........##....##.......#...,,,,,,
,........#....##.......#...,,,,,*
**#......#....###.(...##...,,,,,~
,,#......#....#####(####...,,,,**
,,#......#....#........#...,,,,*~
,,+......#'####.@(.#...+...,,,,~~
,,+.(..............#...#...,,,,**
,,#................#####...,,,,,*
,,#.......######...........,,,,,*
,,#.......#....#...........,,,,,,
,,#.......#....+...........,,,,,,
###.......#....#...........,,,,,,
.....###..#,,,,#.%.......,,,,****
..(..# #..#****#....#####***,*


You could see 3 dancing weapons.

Vanquished Creatures
  Erica (D:10)
  2 ugly things
  2 cyclopes
  Maurice (D:6)
  Joseph (D:7)
  A gargoyle (D:11)
  Maggie (D:6)
  A kobold demonologist (D:8)
  2 unseen horrors
  A komodo dragon (D:11)
  2 trolls
  Prince Ribbit (D:6)
  6 yaks (D:10)
  2 steam dragons
  A water moccasin (D:7)
  2 ice beasts (D:6)
  2 orc warriors (D:10)
  A black bear (D:4)
  5 ogres
  3 centaurs
  3 wolves
  5 kobold brigands
  A necrophage (D:4)
  A gnoll sergeant (D:10)
  8 bullfrogs
  2 scorpions
  10 wights
  15 killer bees
  An oklob sapling (D:5)
  A howler monkey (D:7)
  3 electric eels (D:10)
  A human zombie (D:4)
  2 jellies (D:7)
  4 orc priests
  2 sleepcaps
  Crazy Yiuf (D:2)
  8 hounds
  3 iguanas
  A scorpion zombie (D:4)
  Natasha (D:2)
  14 orc wizards
  2 hound zombies (D:4)
  A mummy (D:4)
  A gnoll (D:10)
  6 adders
  2 white imps
  An adder zombie (D:4)
  3 dart slugs
  44 orcs
  5 ball pythons
  8 endoplasms
  4 giant cockroaches
  6 goblins
  4 hobgoblins
  8 jackals
  22 kobolds
  5 quokkas
  5 bats
  7 frilled lizards
  7 rats
266 creatures vanquished.

Notes
Turn   | Place    | Note
-------+----------+-------------------------------------------
     0 | D:1      | grandjackal the Draconian Gladiator began the quest for the
                  | Orb.
     0 | D:1      | Reached XP level 1. HP: 17/17 MP: 1/1
   121 | D:1      | Reached XP level 2. HP: 14/25 MP: 2/2
   726 | D:1      | Found Olysiur's One-of-a-Kind Rings.
   764 | D:1      | Reached XP level 3. HP: 30/30 MP: 3/3
   972 | D:2      | Found a runed translucent door.
   973 | D:2      | Noticed Crazy Yiuf
  1100 | D:2      | Reached skill level 3 in Fighting
  1288 | D:2      | Found a faded altar of an unknown god.
  1419 | D:2      | Noticed Natasha
  1429 | D:2      | Killed Natasha
  1430 | D:2      | Reached XP level 4. HP: 27/38 MP: 4/4
  1611 | D:2      | Noticed Natasha
  1962 | D:2      | Killed Crazy Yiuf
  2407 | D:3      | Found Qutefid's Jewellery Shop.
  2985 | D:4      | Reached XP level 5. HP: 46/46 MP: 5/5
  3087 | D:4      | You fall into a shaft and drop 2 floors!
  3113 | D:6      | Reached skill level 4 in Fighting
  3176 | D:5      | Entered Level 5 of the Dungeon
  3176 | D:5      | Found a staircase to the Ecumenical Temple.
  3187 | D:5      | Noticed an ogre
  3198 | D:5      | Killed an ogre
  3199 | D:5      | Reached XP level 6. HP: 53/53 MP: 6/6
  3226 | Temple   | Entered the Ecumenical Temple
  3330 | Temple   | Became a worshipper of Warmaster Okawaru
  3504 | D:5      | Reached skill level 5 in Long Blades
  3504 | D:5      | Reached skill level 1 in Invocations
  3568 | D:5      | Reached skill level 5 in Fighting
  3597 | D:5      | Your scales start taking on a glossy black colour.
  3597 | D:5      | Reached XP level 7. HP: 59/61 MP: 8/8
  3597 | D:5      | Gained mutation: You are resistant to electric shocks.
                  | (rElec) [Black Draconian growth]
  3707 | D:4      | Reached * piety under Okawaru
  3867 | D:4      | Reached skill level 5 in Dodging
  3958 | D:4      | Reached ** piety under Okawaru
  4001 | D:4      | Reached XP level 8. HP: 55/69 MP: 10/10
  4031 | D:4      | Reached skill level 6 in Fighting
  4063 | D:4      | Found an ancient bone altar of Kikubaaqudgha.
  4394 | D:5      | Found a hazy altar of Hepliaklqana.
  4894 | D:6      | Reached *** piety under Okawaru
  4927 | D:6      | Reached skill level 7 in Fighting
  4946 | D:6      | Reached skill level 5 in Invocations
  5134 | D:6      | Noticed Prince Ribbit
  5152 | D:6      | Killed Prince Ribbit
  5153 | D:6      | Reached XP level 9. HP: 70/79 MP: 12/12
  5465 | D:7      | Noticed Maurice
  5479 | D:7      | Noticed Maggie
  5537 | D:6      | Killed Maggie
  5537 | D:6      | Reached **** piety under Okawaru
  5600 | D:6      | Maurice stole a +0 dagger of venom
  5602 | D:6      | Maurice stole 330 gold
  5604 | D:6      | Killed Maurice
  5605 | D:6      | Reached skill level 8 in Fighting
  5815 | D:7      | Noticed Joseph
  5829 | D:7      | Killed Joseph
  6514 | D:8      | Reached XP level 10. HP: 90/90 MP: 15/15
  6710 | D:8      | Reached ***** piety under Okawaru
  6796 | D:8      | Reached skill level 9 in Fighting
  7692 | D:9      | Noticed a cyan ugly thing
  7694 | D:9      | Noticed a cyan ugly thing
  7726 | D:8      | Killed a cyan ugly thing
  7767 | D:9      | Killed a cyan ugly thing
  8331 | D:10     | Entered Level 10 of the Dungeon
  8342 | D:10     | Noticed Erica
  8359 | D:10     | Killed Erica
  8359 | D:10     | Received a gift from Okawaru
  8474 | D:10     | Found Rabepai's Jewellery Shop.
  8503 | D:10     | Found a glowing golden altar of the Shining One.
  8503 | D:10     | Found a glowing silver altar of Zin.
  8503 | D:10     | Found a white marble altar of Elyvilon.
  8519 | D:10     | Reached XP level 11. HP: 99/99 MP: 17/17
  8533 | D:10     | Reached skill level 10 in Fighting
  8705 | D:10     | Found a staircase to the Lair.
  9099 | D:10     | Found a staircase to the Orcish Mines.
  9234 | D:11     | Noticed a centaur warrior
  9254 | D:11     | Found a runed translucent gate.
  9259 | D:11     | Noticed Quroapsa's ghost (novice MfGl)
  9262 | D:11     | Found a runed translucent gate.
  9262 | D:11     | Found a runed translucent gate.
  9304 | D:11     | Received a gift from Okawaru
 10201 | D:1      | Bought the ring "Kuwam" {rPois Will++ Str+2 Int+6} for 654
                  | gold pieces
 10533 | D:12     | Found a runed translucent door.
 10537 | D:12     | Found a hide-covered altar of Uskayaw.
 10537 | D:12     | Noticed a +1 vampiric demon whip
 10542 | D:12     | Noticed a +0 demon blade of pain
 10543 | D:12     | Noticed a +1 demon trident of draining
 10551 | D:12     | Mangled by a +0 demon blade of pain

Illustrated notes

Levels and vault maps discovered:
D:1:      erik_arrival_cave_to_civilisation [erik_arrival_cave_to_hall],
          layout_basic, nicolae_shop_unique_rings, serial_bayou_pond_e,
          minmay_hexomino_p4
D:2:      layout_basic, shapermc_ecumenical_altar_totnotflames, serial_forest,
          infiniplex_forest_corner_1, infiniplex_forest_zigzag_1,
          infiniplex_forest_clump_double, infiniplex_forest_clump_small,
          infiniplex_forest_lined_3, infiniplex_forest_straight_4,
          chequers_serial_rivers_small_b, uniq_natasha, uniq_crazy_yiuf_cottage
D:3:      layout_loops_ring, serial_shops,
          nicolae_shop_temple_entry_statues_fountains
D:4:      layout_basic, lemuel_mausoleum_altar_kikubaaqudgha, serial_rivers,
          chequers_serial_rivers_room_a, chequers_serial_rivers_room_a,
          chequers_serial_rivers_micro_d, chequers_serial_rivers_room_b,
          chequers_serial_rivers_micro_c, kennysheep_generic_room_2
D:5:      cheibrodos_two_vegetables, layout_gridville,
          overflow_temple_1_default, minmay_temple_entry_oklob,
          columned_hall_lemuel, chequers_mini_garden, st_stairs_8
D:6:      layout_rooms, uniq_prince_ribbit1
D:7:      layout_basic, uniq_maggie, uniq_maurice, uniq_joseph
D:8:      kennysheep_steamy, layout_loops_ring, st_stairs_14
D:9:      layout_small_grid, kennysheep_cross_room
D:10:     layout_small_grid, dreamdust_divine_triumvirate, erik_lair_island,
          kennysheep_orc_monster_closet_entryway, serial_shops, shop, uniq_erica
D:11:     layout_stronghold, gammafunk_ghost_split
D:12:     layout_irregular_city, serial_shops, shop, minivault_4,
          nicolae_danse_macabre
Temple:   nicolae_temple_bog_church

Skill      XL: |  1  2  3  4  5  6  7  8  9 10 11 |
---------------+----------------------------------+-----
Throwing       | 2 |  2.0
Dodging        | 3 4 5 6 7 8 9 |  9.1
Fighting       | 3 4 5 7 8 9 10 | 10.6
Long Blades    | 4 5 6 8 9 |  9.9
Invocations    | 1 3 5 6 8 9 |  9.3

Action                     |  1- 3 |  4- 6 |  7- 9 | 10-12 || total
---------------------------+-------+-------+-------+-------++-------
  Melee: Long sword        |   115 |   169 |   358 |   189 ||   831
         Tailslap          |    11 |    28 |    51 |    78 ||   168
         Punch             |     1 |     2 |    12 |     2 ||    17
         Dagger            |       |       |       |    20 ||    20
         Scimitar          |       |       |       |   191 ||   191
  Throw: Throwing net      |       |     1 |     1 |     1 ||     3
Ability: Breathe Lightning |       |       |    13 |     4 ||    17
  Evoke: Wand              |       |       |     4 |     3 ||     7
    Use: Scroll            |       |       |    18 |     6 ||    24
         Potion            |       |       |     1 |     1 ||     2
   Stab: Sleeping          |     1 |     2 |     6 |       ||     9
         Distracted        |       |     1 |       |       ||     1
         Held in net/web   |       |       |     1 |     1 ||     2
 Armour: Skin              |    64 |    81 |   239 |   268 ||   652
  Dodge: Dodged            |    84 |   115 |   315 |   401 ||   915

Table legend: (Time is in decaauts)
 A = Elapsed time spent in this place.
 B = Non-inter-level travel time spent in this place.
 C = Inter-level travel time spent in this place.
 D = Time resting spent in this place.
 E = Time spent auto-exploring this place.
 F = Levels seen in this place.
 G = Mean time per level.
                   A        B        C        D        E       F      G
               +--------+--------+--------+--------+--------+-----+--------+
         Total |  10709 |   9532 |   1177 |    909 |   6216 |  13 |  823.8 |
       Dungeon |  10611 |   9460 |   1151 |    869 |   6216 |  12 |  884.2 |
        Temple |     98 |     73 |     25 |     40 |      0 |   1 |   98.0 |
               +--------+--------+--------+--------+--------+-----+--------+

Top non-repeatable levels by time:
     D:2: 1456 daAuts
     D:1: 1049 daAuts
     D:8: 1016 daAuts
     D:7: 990 daAuts
     D:5: 975 daAuts
     D:6: 946 daAuts
     D:9: 922 daAuts
    D:10: 909 daAuts
     D:4: 825 daAuts
    D:11: 767 daAuts
     D:3: 696 daAuts
  Temple: 98 daAuts
    D:12: 55 daAuts
